 Dungeon Crawl Stone Soup version 0.29-a0-362-g5854e031c7 (webtiles) character file.

Game seed: 7981552740477775688

60 bande the Skirmisher (level 4, -2/29 HPs)
             Began as a Gargoyle Fighter on Apr 29, 2022.
             Slain by an orc wizard
             ... wielding a +2 dagger of speed
              (4 damage)
             ... on level 2 of the Dungeon.
             The game lasted 00:01:33 (1334 turns).

bande the Skirmisher (Gargoyle Fighter)             Turns: 1334, Time: 00:01:33

Health: -2/29      AC: 12    Str: 20    XL:     4   Next: 6%
Magic:  4/4        EV:  9    Int:  8    God:
Gold:   77         SH:  4    Dex: 11    Spells: 3/3 levels left

rFire   . . .      SeeInvis .   a - +0 war axe
rCold   . . .      Faith    .   c - +0 buckler
rNeg    + . .      Spirit   .   b - +0 scale mail
rPois   ∞          Reflect  .   l - +1 helmet
rElec   +          Harm     .   (no cloak)
rCorr   .          Rampage  .   (no gloves)
Will    .....                   (no boots)
Stlth   ..........              (no amulet)
HPRegen 0.09/turn               (no ring)
MPRegen 0.09/turn               (no ring)

@: no status effects
A: sickness immunity, AC +3, negative energy resistance 1, electricity
resistance, torment resistance 1, petrification resistance
a: no special abilities


You were on level 2 of the Dungeon.
You visited 1 branch of the dungeon, and saw 2 of its levels.

You collected 77 gold pieces.

Inventory:

Hand Weapons
 a - a +0 war axe (weapon)
Armour
 b - a +0 scale mail (worn)
 c - a +0 buckler (worn)
 l - a +1 helmet (worn)
Potions
 d - a potion of might
 e - a potion of resistance
 g - a potion of curing {unknown}
 i - a potion of degeneration {unknown}
 k - a potion of invisibility {unknown}


   Skills:
 + Level 3.8 Fighting
 + Level 2.7 Axes
 + Level 3.7 Armour
 + Level 3.7 Shields


You had 3 spell levels left.
You didn't know any spells.
Your spell library was empty.

Dungeon Overview and Level Annotations

Branches:
Dungeon (2/15)

Altars:


Innate Abilities, Weirdness & Mutations

You are immune to sickness and miasma.
Your stone body is resilient. (AC +3)
You are immune to poison.
You resist negative energy. (rN+)
You are resistant to electric shocks. (rElec)
You are resistant to unholy torment.
You are immune to petrification.


Message History

The orc wizard hits you but does no damage.
You hit the orc wizard but do no damage.
The orc wizard is lightly wounded.
The orc wizard hits you but does no damage.
The orc wizard casts a spell at you. The magic dart hits you!
You bump into the rock wall.
You feel less confused. The orc wizard barely misses you.
You slash the orc wizard!
The orc wizard is almost dead.
The orc wizard closely misses you.
You slash the orc wizard!
You kill the orc wizard!
You have reached level 4!
You feel stronger.
You barely miss something. Something hits you. You block something's attack.
You hit something but do no damage. Something hits you but does no damage.
Something hits you.
You barely miss something. Something hits you but does no damage.
Something hits you.
You closely miss something. Something hits you but does no damage.
Something hits you.
You hear some strange, mumbled words.
You are confused.
You completely miss something. Something hits you but does no damage.
You barely miss something. Something hits you but does no damage.
Something hits you.
You bump into the rock wall.
Something hits you.
* * * LOW HITPOINT WARNING * * *
You hear some strange, mumbled words.
Something tries to affect you, but you resist.
You completely miss something.
You feel less confused. Something hits you.
* * * LOW HITPOINT WARNING * * *
Something hits you.
* * * LOW HITPOINT WARNING * * *
You miss something. Something hits you.
You die...

#.#.........#.......# #
###.#########.#.#####.#
#
#..........#..#.#...§§#
#
##########.#..#.#.##§.#
# #.#.......#§§#####
#.#..#.####§§§§§§§
#.#..#....§§######
#.#..#.####. #@#..#.#
#. #)#..#.# #. #o#..#.#
#. #.#..#.# ## #.# ..#
..# ###


You could see an orc.

Vanquished Creatures
  An orc wizard (D:2)
  A dart slug (D:1)
  An orc (D:2)
  An endoplasm (D:2)
  3 giant cockroaches
  3 goblins (D:1)
  3 jackals (D:1)
  4 quokkas (D:1)
  2 ball pythons (D:1)
  4 bats (D:1)
  4 frilled lizards
  2 kobolds (D:1)
  A rat (D:1)
30 creatures vanquished.

Notes
Turn   | Place    | Note
-------+----------+-------------------------------------------
     0 | D:1      | bande the Gargoyle Fighter began the quest for the Orb.
     0 | D:1      | Reached XP level 1. HP: 14/14 MP: 1/1
   186 | D:1      | Reached XP level 2. HP: 17/19 MP: 2/2
   524 | D:1      | Found a faded altar of an unknown god.
   661 | D:1      | Reached XP level 3. HP: 23/23 MP: 3/3
  1326 | D:2      | Reached XP level 4. HP: 20/29 MP: 4/4
  1334 | D:2      | Slain by an orc wizard

Illustrated notes

Levels and vault maps discovered:
D:1:      heliophobic_arrival_enchanted_forest, layout_basic,
          hellmonk_ecumenical_altar_heavens_door,
          nicolae_concentric_dashed_squares_mild
D:2:      layout_basic, serial_shops, nicolae_diamond_shop

Skill      XL: |  1  2 |
---------------+-------+-----
Axes           | 2 |  2.7
Fighting       | |  3.8
Armour         | |  3.7
Shields        | |  3.7

Action                   |  1- 3 |  4- 6 || total
-------------------------+-------+-------++-------
Melee: War axe           |    73 |     8 ||    81
  Use: Scroll            |     3 |       ||     3
Armor: Scale mail        |    48 |     5 ||    53
Dodge: Dodged            |    31 |       ||    31
Block: Buckler           |    10 |     1 ||    11

Table legend: (Time is in decaauts)
 A = Elapsed time spent in this place.
 B = Non-inter-level travel time spent in this place.
 C = Inter-level travel time spent in this place.
 D = Time resting spent in this place.
 E = Time spent auto-exploring this place.
 F = Levels seen in this place.
 G = Mean time per level.
                   A        B        C        D        E       F      G
               +--------+--------+--------+--------+--------+-----+--------+
         Total |   1366 |   1301 |     65 |      0 |   1069 |   2 |  683.0 |
       Dungeon |   1366 |   1301 |     65 |      0 |   1069 |   2 |  683.0 |
               +--------+--------+--------+--------+--------+-----+--------+

Top non-repeatable levels by time:
     D:1: 1144 daAuts
     D:2: 222 daAuts
